 Dungeon Crawl Stone Soup version 0.29.1-2-gbd0b4ee654 (webtiles) character file.

Game seed: 8307689276134708820

220141 concernfroge the Severer (level 18, -3/134 HPs)
             Began as a Mummy Monk on Nov 25, 2022.
             Was an Initiate of Gozag.
             Slain by a nagaraja
             ... wielding a +0 spear
              (35 damage)
             ... on level 4 of the Snake Pit on Nov 26, 2022.
             The game lasted 02:25:43 (44269 turns).

concernfroge the Severer (Mummy Monk)              Turns: 44269, Time: 02:25:44

Health: -3/134     AC: 27    Str: 34    XL:     18   Next: 46%
Magic:  18/18      EV:  8    Int: 14    God:    Gozag
Gold:   899        SH: 24    Dex: 14    Spells: 17/17 levels left

rFire   + . .      SeeInvis +   a - +9 broad axe (flame)
rCold   . . .      Faith    .   L - +2 tower shield
rNeg    + + +      Spirit   .   j - +6 chain mail {rF+}
rPois   ∞          Reflect  +   E - +2 helmet {Int+3}
rElec   +          Harm     .   Q - +2 cloak {rF+}
rCorr   .          Rampage  .   (no gloves)
Will    ++...                   v - +2 pair of boots
Stlth   ..........              S - amulet of reflection
HPRegen 0.32/turn               h - +6 ring of strength
MPRegen 0.16/turn               T - ring of Winter {+Blink rElec rC- Str+7 SInv}

@: gold aura, constricted, studying Shields
A: cold resistance 1, negative energy resistance 3, torment resistance 2, heat
vulnerability 1, in touch with death 2, no potions
}: 1/15 runes: barnacled
a: Renounce Religion, Evoke Blink, Potion Petition, Call Merchant, Bribe Branch


You were on level 4 of the Snake Pit.
You worshipped Gozag.
Gozag was pleased with you.
You visited 6 branches of the dungeon, and saw 31 of its levels.
You visited the Abyss 1 time.
You also visited: Ossuary and Volcano.

You collected 15118 gold pieces.
You spent 3878 gold pieces at shops.
You paid 10341 gold pieces to Gozag.

Inventory:

Hand Weapons
 a - a +9 broad axe of flaming (weapon)
 b - the +11 trident "Hellblazer" {vorpal, rC++}
   (You took it off a merfolk on level 4 of the Shoals)

   It inflicts extra damage upon your enemies.
   rC:        It greatly protects you from cold.
 J - the +8 spear "Asich" {flame, Will+ rCorr Str+2}
   (You found it on level 11 of the Dungeon)

   It burns those it strikes, dealing additional fire damage.
   Str:       It affects your strength (+2).
   rCorr:     It protects you from acid and corrosion.
   Will:      It increases your willpower.
Missiles
 i - 8 javelins
 l - 10 silver boomerangs
 o - 3 throwing nets
 r - 39 boomerangs (quivered)
 y - 91 poisoned darts
 F - 3 curare-tipped darts
 M - 2 boomerangs of dispersal
 N - 6 atropa-tipped darts
 W - 7 silver javelins
Armour
 j - a +6 chain mail of fire resistance (worn)
 v - a +2 pair of boots (worn)
 E - a +2 helmet of intelligence (worn)
 L - a +2 tower shield (worn)
 Q - a +2 cloak of fire resistance (worn)
Jewellery
 d - a ring of fire
 h - a +6 ring of strength (left hand)
 m - a ring of see invisible
 q - an amulet of regeneration
 H - the amulet of Zin, Usurping {Spirit rElec rC- Dex+2}
   (You found it on level 10 of the Dungeon)

   [amulet of guardian spirit]

   It causes incoming damage to be divided between your reserves of health and
   magic.
   Dex:       It affects your dexterity (+2).
   rC:        It makes you vulnerable to cold.
   rElec:     It insulates you from electricity.
 P - a ring of willpower
 S - an amulet of reflection (around neck)
 T - the ring of Winter (right hand) {+Blink rElec rC- Str+7 SInv}
   (You bought it in a shop on level 4 of the Shoals)

   [ring of see invisible]

   Str:       It affects your strength (+7).
   rC:        It makes you vulnerable to cold.
   rElec:     It insulates you from electricity.
   SInv:      It lets you see invisible.
   +Blink:    It lets you blink.
 V - a ring of resist corrosion
Wands
 k - a wand of quicksilver (7)
 A - a wand of charming (11)
 I - a wand of digging (6)
 K - a wand of flame (15)
 R - a wand of iceblast (10)
Scrolls
 c - 3 scrolls of amnesia
 e - 4 scrolls of vulnerability
 f - 5 scrolls of fog
 g - 12 scrolls of teleportation
 n - a scroll of enchant weapon
 p - 4 scrolls of immolation
 s - a scroll of acquirement
 t - 4 scrolls of noise
 w - 2 scrolls of torment
 x - 16 scrolls of identify
 B - a scroll of fear
 D - 6 scrolls of summoning
 G - 5 scrolls of poison
 U - 5 scrolls of blinking
Miscellaneous
 u - a box of beasts
 z - a piece from Xom's chessboard (15/15)
 C - a phantom mirror
 O - a tin of tremorstones (2/2)


   Skills:
 - Level 10.0 Fighting
 - Level 16.8(18.0) Axes
 - Level 10.5(14.9) Polearms
 + Level 5.6 Throwing
 - Level 10.0 Armour
 - Level 10.0 Dodging
 - Level 1.5 Stealth
 + Level 12.2 Shields
 - Level 10.0 Evocations


You had 17 spell levels left.
You didn't know any spells.
Your spell library contained the following spells:

 Spells                   Type           Power      Damage    Failure   Level
 Ensorcelled Hibernation  Hex/Ice        0%         N/A       100%        2
 Passwall                 Tmut/Erth      0%         N/A       100%        2
 Scorch                   Fire           0%         2d5       100%        2
 Dazzling Flash           Conj/Hex       0%         N/A       100%        3
 Gell's Gravitas          Tloc           0%         N/A       100%        3
 Ozocubu's Armour         Ice            0%         N/A       100%        3
 Stone Arrow              Conj/Erth      0%         3d7       100%        3
 Summon Guardian Golem    Hex/Summ       0%         N/A       100%        3
 Swiftness                Air            0%         N/A       100%        3
 Teleport Other           Tloc           0%         N/A       100%        3
 Airstrike                Air            0%         2d(0-16)  100%        4
 Anguish                  Hex/Necr       0%         N/A       100%        4
 Animate Armour           Summ/Erth      0%         N/A       100%        4
 Flame Wave               Conj/Fire      0%         2d4       100%        4
 Iskenderun's Mystic Bla  Conj/Tloc      0%         2d3       100%        4
 Petrify                  Tmut/Erth      0%         N/A       100%        4
 Alistair's Intoxication  Tmut/Pois      0%         N/A       100%        5
 Irradiate                Conj/Tmut      0%         3d11      100%        5
 Iskenderun's Battlesphe  Conj           0%         2d6       100%        5
 Metabolic Englaciation   Hex/Ice        0%         N/A       100%        5
 Dispersal                Tloc           0%         N/A       100%        6
 Iron Shot                Conj/Erth      0%         9d1       100%        6
 Starburst                Conj/Fire      0%         6d3       100%        6
 Summon Cactus Giant      Summ           0%         N/A       100%        6
 Haunt                    Necr/Summ      0%         N/A       100%        7
 Malign Gateway           Summ/Tloc      0%         N/A       100%        7
 Ozocubu's Refrigeration  Ice            0%         4d7       100%        7
 Spellforged Servitor     Conj/Summ      0%         N/A       100%        7
 Summon Hydra             Summ           0%         N/A       100%        7
 Infestation              Necr           0%         N/A       100%        8
 Lehudib's Crystal Spear  Conj/Erth      0%         10d2      100%        8
 Summon Horrible Things   Summ           0%         N/A       100%        8
 Chain Lightning          Conj/Air       0%         N/A       100%        9
 Sublimation of Blood     Necr           Unusable   N/A       N/A         2
 Wereblood                Tmut           Unusable   N/A       N/A         2
 Spider Form              Tmut/Pois      Unusable   N/A       N/A         3
 Animate Dead             Necr           Unusable   N/A       N/A         4
 Corpse Rot               Necr/Pois/Air  Unusable   N/A       N/A         4
 Statue Form              Tmut/Erth      Unusable   N/A       N/A         6

Dungeon Overview and Level Annotations

Branches:
Dungeon (15/15)            Temple (1/1) D:4            Lair (5/5) D:10
 Shoals (4/4) Lair:2        Snake (4/4) Lair:3        Slime (0/5) Lair:5
    Orc (2/2) D:11            Elf (0/3) Orc:2        Vaults (0/5) D:14
 Depths (0/4) D:15        Ossuary (visited)         Volcano (visited)

Altars:
Ashenzari
Cheibriados
Dithmenos
Fedhas
Gozag
Hepliaklqana
Kikubaaqudgha
Makhleb
Nemelex Xobeh
Okawaru
Qazlal
Ru
Sif Muna
Trog
Uskayaw
Vehumet
Wu Jian
Xom
Yredelemnul
Jiyva

Shops:
D:3 *[*!   D:10 :   Orc:2 ???=(   Shoals:4 =:   Snake:2 =::   Snake:3 :

Annotations:
D:3 3 runed translucent doors, 0gre's ghost, amateur GnIE
D:7 1 runed translucent door, gdog's ghost, novice GnDe
D:8 6 transporters
D:9 4 runed translucent doors
D:11 1 runed translucent door
Lair:5 1 runed translucent door


Innate Abilities, Weirdness & Mutations

You are immune to poison.
Your flesh is cold resistant. (rC+)
You are immune to negative energy. (rN+++)
You are immune to unholy pain and torment.
You are vulnerable to heat. (rF-)
You are strongly in touch with the powers of death.
You do not drink.


Message History

The nagas go into a battle-frenzy!
You block the nagaraja's attack.
The nagaraja mumbles some strange words.
The nagaraja seems to speed up.
The nagaraja constricts you.
You hear a shout!
You hit the nagaraja. You burn the nagaraja.
The nagaraja is almost dead.
You block the nagaraja's attack. x2
The nagaraja hits you with a +2 flail of venom!!
The nagaraja constricts you.
The nagaraja hits you from afar with a +0 spear!
You barely miss the nagaraja.
The nagaraja is almost dead.
The nagaraja gestures at you while chanting.
The bolt of poison misses you. You block the nagaraja's attack.
The nagaraja constricts you. You block the nagaraja's attack.
The nagaraja barely misses you.
The nagaraja gestures at you while chanting.
The bolt of poison hits you but does no damage.
You resist. The nagaraja constricts you.
You barely miss the nagaraja.
The nagaraja is almost dead.
The naga mage is no longer distracted by gold.
You block the nagaraja's attack.
The nagaraja hits you from afar with a +0 spear!!!
The nagaraja points at you and mumbles some strange words.
The poison arrow hits you! You partially resist.
* * * LOW HITPOINT WARNING * * *
The nagaraja constricts you. You block the nagaraja's attack.
As you read the scroll of fear, it crumbles to dust.
You assume a fearsome visage.
The nagaraja resists with almost no effort. x2
The naga warrior resists with some effort.
The nagaraja resists with almost no effort. x2
The naga mage looks frightened!
You block the nagaraja's attack. x2
The nagaraja constricts you.
* * * LOW HITPOINT WARNING * * *
The nagaraja hits you from afar with a +0 spear!!
You die...
Your body crumbles into a pile of gold.

######## #... ###......#### #....
###......[....###
#....###......)........##
#....##.....#######))...#
#....#.....##.....###...##.##....
#.........##........##...#.#.....
#........##...$.@N...#...##......
#.......##....###.N..##...#......
#......##....## #NN..#...#......
#.....###...## #NN.#...#......
.....###...## ...#...#......
.....# #...# ..#...#...... .....#
#...# ##...#.##... .....# #...##
#.).##.####. .....# #....#
##...#...# #.


You could see 4 nagarajas, a naga warrior and a naga mage (fast, strong,
fleeing).

Vanquished Creatures
  Jorgrun (D:12)
  2 krakens
  Frances (D:13)
  Kirke (Lair:5)
  6 nagarajas
  A frost giant (shapeshifter) (D:11)
  12 slime creatures
  8 merfolk impalers
  The ghost of Sabo the Cleaver, a journeyman DsBe of Trog (D:12)
  A blizzard demon (Abyss:2)
  An ettin (D:15)
  Josephine (D:11)
  4 vault guards (D:14)
  Fannar (D:10)
  8 boulder beetles
  10 hydras
  2 salamander tyrants (Snake:4)
  3 ogre magi (Orc:2)
  3 catoblepae
  Erica (D:10)
  6 anacondas
  2 centaur warriors (D:14)
  A dancing weapon (Volcano)
  15 naga warriors
  3 alligator snapping turtles
  A death knight (D:14)
  A satyr (Shoals:3)
  4 death yaks
  2 two-headed ogres
  3 tengu warriors
  Urug (D:11)
  8 shock serpents
  12 naga sharpshooters
  Amaemon (Lair:3)
  5 salamander mystics
  A deep elf knight (D:14)
  5 skeletal warriors (D:13)
  2 fire crabs (Shoals:2)
  6 sea snakes
  Lodul (D:13)
  9 harpies
  2 phantasmal warriors
  6 naga ritualists
  A lindwurm (Lair:2)
  16 wizards
  4 orc knights
  2 deep elf pyromancers
  11 ugly things
  2 wolf spiders (Lair:5)
  10 mana vipers
  7 orc sorcerers (Orc:2)
  12 fauns
  4 cyclopes
  12 salamanders
  5 toenail golems (Volcano)
  11 elephants
  24 black mambas
  7 water nymphs
  12 manticores
  2 centaur zombies (D:10)
  5 guardian serpents
  7 naga magi
  Maurice (D:8)
  11 merfolk sirens
  An orange demon (Lair:3)
  3 gargoyles
  9 cane toads
  4 rime drakes
  An unseen horror (D:11)
  3 efreet
  2 freezing wraiths
  9 komodo dragons
  Psyche (D:10)
  2 tengu conjurers
  4 kobold demonologists
  9 trolls
  6 meliai
  3 hornets (Lair:5)
  A hornet (shapeshifter) (D:15)
  23 merfolk
  A queen bee (Lair:5)
  2 wind drakes (Shoals:2)
  12 blink frogs
  8 snapping turtles
  11 dream sheep
  A jumping spider (shapeshifter) (D:9)
  A centaur simulacrum (D:14)
  A shadow (D:11)
  60 yaks
  10 wraiths
  A yak (shapeshifter) (D:11)
  A fire bat (Shoals:2)
  3 vampires
  A water elemental (Shoals:4)
  9 wyverns
  5 basilisks
  3 steam dragons
  3 hogs (Lair:5)
  4 vampire mosquitoes
  A redback (Lair:5)
  6 wargs
  An acid dragon (D:8)
  43 nagas
  25 water moccasins
  An ice beast (D:7)
  38 orc warriors
  3 black bears (D:10)
  3 sky beasts
  16 ogres
  3 boggarts (D:14)
  24 wolves
  6 centaurs
  29 kobold brigands
  6 necrophages
  14 bullfrogs
  A gnoll sergeant (D:7)
  10 wights
  18 killer bees
  4 electric eels (Lair:3)
  5 howler monkeys
  2 quasits (D:10)
  3 hounds
  4 human zombies
  A jelly (D:5)
  14 orc priests
  4 iguanas
  Terence (D:2)
  Natasha (thrice) (D:2)
  37 orc wizards
  A hound zombie (Ossuary)
  6 mummies
  A howler monkey zombie (D:10)
  Robin (D:3)
  15 gnolls
  6 adders
  A shadow imp (D:7)
  3 white imps
  An ufetubus (D:6)
  An adder zombie (Ossuary)
  2 worm zombies (D:7)
  3 worms
  3 dart slugs
  94 orcs
  4 ball pythons
  5 bats
  6 endoplasms
  7 giant cockroaches
  8 goblins (D:3)
  9 hobgoblins
  2 jackals (D:1)
  7 quokkas
  7 frilled lizards
  3 goblin zombies (Ossuary)
  A hobgoblin zombie (Ossuary)
  A jackal zombie (D:7)
  29 kobolds
  2 orc zombies (Ossuary)
  4 rats
  A rat zombie (Ossuary)
  A tentacle (Shoals:4)
1110 creatures vanquished.

Vanquished Creatures (collateral kills)
  Ilsuiw (Shoals:4)
  Nessos (Lair:5)
  2 merfolk javelineers (Shoals:4)
  A merfolk impaler (Shoals:3)
  A merfolk avatar (Shoals:3)
  An alligator snapping turtle (Shoals:3)
  A necromancer (D:15)
  5 ugly things (D:15)
  3 manticores
  A faun (Shoals:3)
  2 merfolk sirens
  Maggie (D:9)
  4 merfolk
  A dream sheep (Shoals:4)
  4 snapping turtles
  A water elemental (Shoals:3)
  A hog (Lair:5)
  An orc warrior (D:12)
  An orc (D:12)
  A tentacle (Shoals:4)
34 creatures vanquished.

Vanquished Creatures (others)
  Aizul (Shoals:4)
  A merfolk impaler (Shoals:4)
  3 merfolk javelineers (Shoals:4)
  2 merfolk avatars (Shoals:4)
  4 merfolk aquamancers (Shoals:4)
  A sea snake (Shoals:4)
  2 wizards
  A harpy (Shoals:4)
  2 mana vipers
  A cyclops (Shoals:4)
  3 manticores
  2 fauns (Shoals:3)
  A water nymph (Shoals:4)
  An unseen horror (D:12)
  7 merfolk
  A water elemental (Shoals:4)
  2 nagas (Snake:4)
  A white imp (D:7)
  2 kobolds (D:8)
  A bush (Lair:5)
  3 demonic plants (D:10)
  53 fungi
  183 plants
  73 tentacles
  2 withered plants (D:7)
353 creatures vanquished.

Grand Total: 1497 creatures vanquished

Notes
Turn   | Place    | Note
-------+----------+-------------------------------------------
     0 | D:1      | concernfroge the Mummy Monk began the quest for the Orb.
     0 | D:1      | Reached XP level 1. HP: 18/18 MP: 1/1
   244 | D:1      | Reached XP level 2. HP: 14/24 MP: 2/2
   958 | D:2      | Gained mutation: You are in touch with the powers of death.
                  | [Mummy growth]
   958 | D:2      | Reached XP level 3. HP: 24/30 MP: 3/3
  1022 | D:2      | Noticed Terence
  1037 | D:2      | Killed Terence
  1689 | D:2      | Reached XP level 4. HP: 37/38 MP: 4/4
  1699 | D:2      | Noticed Natasha
  2003 | D:2      | Reached skill level 5 in Fighting
  2026 | D:3      | Noticed 0gre's ghost (amateur GnIE)
  2027 | D:3      | Noticed a black bear
  2043 | D:3      | Found Riuroluy's General Store.
  2215 | D:4      | Reached XP level 5. HP: 40/46 MP: 5/5
  2385 | D:4      | Found a staircase to the Ecumenical Temple.
  2394 | Temple   | Entered the Ecumenical Temple
  2564 | Temple   | Became a worshipper of Gozag Ym Sagoz the Greedy
  3162 | D:3      | Found a sparkling altar of Nemelex Xobeh.
  3162 | D:3      | Found an ancient bone altar of Kikubaaqudgha.
  3184 | D:3      | Found Bujew's Assorted Antiques.
  3219 | D:3      | Bought a glowing chain mail for 120 gold pieces
  3335 | D:3      | Found Ekhleh Iffi's Distillery.
  3654 | D:3      | Found a runed translucent gate.
  3654 | D:3      | Found a runed translucent gate.
  3664 | D:3      | Found a runed translucent gate.
  3843 | D:3      | Noticed Robin
  3869 | D:3      | Killed Robin
  4054 | D:3      | Found Uddaogekh's Antique Armour Emporium.
  4285 | D:3      | Found a radiant altar of Vehumet.
  4434 | D:3      | Bought a ring of see invisible for 150 gold pieces
  4434 | D:3      | Bought a scroll of identify for 20 gold pieces
  4434 | D:3      | Bought a scroll of immolation for 40 gold pieces
  4565 | D:2      | Killed Natasha
  4566 | D:2      | Reached XP level 6. HP: 19/53 MP: 6/6
  4678 | D:2      | Noticed Natasha
  4694 | D:2      | Killed Natasha
  4910 | D:2      | Found a radiant altar of Vehumet.
  5045 | D:2      | Noticed Natasha
  5052 | D:2      | Killed Natasha
  5183 | D:5      | Entered Level 5 of the Dungeon
  5501 | D:5      | Found a shimmering blue altar of Sif Muna.
  5512 | D:5      | Found a shimmering altar of Xom.
  5608 | D:5      | Identified the +8 quarterstaff of Indomitability {vorpal,
                  | MP+9 Str+3 Int+2}
  5791 | D:6      | Noticed an orc warrior
  5797 | D:6      | Killed an orc warrior
  5798 | D:6      | Reached XP level 7. HP: 63/63 MP: 7/7
  6572 | D:6      | Reached skill level 10 in Fighting
  6572 | D:6      | Reached XP level 8. HP: 21/72 MP: 8/8
  7137 | D:7      | Found a sand-covered staircase.
  7148 | Ossuary  | Entered an ossuary
  7427 | D:7      | Reached skill level 5 in Polearms
  7682 | D:7      | Noticed gdog's ghost (novice GnDe)
  7683 | D:7      | Found a runed translucent door.
  7710 | D:7      | Reached XP level 9. HP: 78/78 MP: 9/9
  7892 | D:7      | Found a broken altar of Ashenzari.
  8050 | D:8      | Noticed Maurice
  8071 | D:8      | Killed Maurice
  8188 | D:8      | Noticed a cyclops
  8196 | D:8      | Killed a cyclops
  8512 | D:8      | Found a transporter.
  8515 | D:8      | Found a transporter.
  8603 | D:8      | Found an ornate altar of the Wu Jian Council.
  8641 | D:8      | Reached XP level 10. HP: 81/85 MP: 10/10
  8843 | D:8      | Found a transporter.
  8845 | D:8      | Found a transporter.
  8874 | D:8      | Found a transporter.
  8876 | D:8      | Found a transporter.
  9150 | D:3      | Bought a scroll of fear for 64 gold pieces
  9150 | D:3      | Bought a phantom mirror for 640 gold pieces
  9150 | D:3      | Bought a scroll of fog for 64 gold pieces
  9309 | D:9      | Reached skill level 1 in Evocations
  9391 | D:9      | Reached skill level 10 in Polearms
  9518 | D:9      | Found a large runed translucent door.
  9518 | D:9      | Found a large runed translucent door.
  9651 | D:9      | Found an iron altar of Okawaru.
  9849 | D:9      | Noticed Maggie
  9858 | D:9      | Killed Maggie
 10194 | D:9      | Found a large runed translucent door.
 10195 | D:9      | Found a large runed translucent door.
 10202 | D:9      | Noticed a water nymph
 10208 | D:9      | Noticed a death drake
 10208 | D:9      | a water nymph changed into a death drake
 10223 | D:9      | Reached skill level 1 in Axes
 10262 | D:9      | Noticed a boulder beetle
 10273 | D:9      | Killed a boulder beetle
 10274 | D:9      | Reached skill level 2 in Axes
 10329 | D:9      | Noticed a sea snake
 10331 | D:9      | Noticed a guardian serpent
 10331 | D:9      | a sea snake changed into a guardian serpent
 10454 | D:9      | Reached skill level 3 in Axes
 10454 | D:9      | Reached skill level 5 in Evocations
 10500 | D:9      | Noticed a shining eye
 10537 | D:9      | Noticed a cyclops
 10537 | D:9      | Noticed a manticore
 10546 | D:9      | Noticed a manticore
 10548 | D:9      | Killed a manticore
 10549 | D:9      | Reached XP level 11. HP: 73/90 MP: 11/11
 10559 | D:9      | Reached skill level 4 in Axes
 10854 | D:9      | Noticed a steelbarb worm
 10864 | D:10     | Entered Level 10 of the Dungeon
 10887 | D:10     | Noticed Psyche
 10898 | D:10     | Killed Psyche
 10937 | D:10     | Found Amnao's Book Shop.
 10957 | D:10     | Reached skill level 5 in Axes
 11033 | D:10     | Found a basalt altar of Yredelemnul.
 11086 | D:10     | Reached skill level 6 in Axes
 11244 | D:10     | Reached skill level 7 in Axes
 11261 | D:10     | Found a staircase to the Lair.
 11351 | D:10     | Identified the amulet of Zin, Usurping {Spirit rElec rC-
                  | Dex+2}
 11396 | D:10     | Reached skill level 8 in Axes
 11479 | D:10     | Reached skill level 9 in Axes
 11544 | D:10     | Noticed Erica
 11563 | D:10     | Killed Erica
 11564 | D:10     | Reached XP level 12. HP: 75/97 MP: 12/12
 11723 | D:10     | Noticed Fannar
 11738 | D:10     | Killed Fannar
 12151 | D:11     | Noticed a boulder beetle
 12168 | D:11     | Killed a boulder beetle
 12169 | D:11     | Reached skill level 10 in Axes
 12178 | D:11     | Found a staircase to the Orcish Mines.
 12210 | D:11     | Noticed a tengu warrior
 12215 | D:11     | Noticed a boulder beetle
 12264 | D:11     | Noticed an eight-headed hydra
 12272 | D:11     | Killed a four-headed hydra
 12354 | D:11     | Identified the +8 spear "Asich" {flame, Will+ rCorr Str+2}
 12564 | D:11     | Killed a tengu warrior
 12565 | D:11     | Reached skill level 11 in Axes
 12686 | D:11     | Killed a boulder beetle
 12797 | D:11     | Found a runed translucent door.
 12824 | D:11     | Noticed Josephine
 12824 | D:11     | Noticed a six-headed hydra
 12835 | D:11     | Noticed Urug
 12840 | D:11     | Killed a two-headed hydra
 12844 | D:11     | Killed Josephine
 12845 | D:11     | Reached skill level 12 in Axes
 12860 | D:11     | Killed Urug
 13493 | Lair:1   | Entered Level 1 of the Lair of Beasts
 13503 | Lair:1   | Gained mutation: You are strongly in touch with the powers
                  | of death. [Mummy growth]
 13503 | Lair:1   | Reached XP level 13. HP: 72/103 MP: 13/13
 13569 | Lair:1   | Reached skill level 13 in Axes
 14541 | Lair:2   | HP: 4/103 [lindwurm (3)]
 14659 | Lair:2   | Found a staircase to the Shoals.
 15293 | Lair:3   | Reached skill level 14 in Axes
 15346 | Lair:3   | Found a dark tunnel.
 15355 | Volcano  | Entered a volcano
 15755 | Lair:3   | HP: 5/103 [constriction (5)]
 16015 | Lair:3   | Reached skill level 15 in Axes
 16209 | Lair:3   | Noticed Amaemon
 16230 | Lair:3   | Killed Amaemon
 16531 | Lair:3   | Found a staircase to the Snake Pit.
 17138 | Lair:4   | Reached XP level 14. HP: 57/110 MP: 14/14
 17551 | Lair:4   | Reached skill level 16 in Axes
 17666 | Lair:4   | Got Sif Muna's Atlas of Foul Charms
 18108 | Lair:5   | Entered Level 5 of the Lair of Beasts
 18505 | Lair:5   | Noticed Kirke
 18510 | Lair:5   | Noticed Nessos
 18518 | Lair:5   | Killed Nessos
 18521 | Lair:5   | Killed Kirke
 18628 | Lair:5   | Reached skill level 1 in Armour
 18628 | Lair:5   | Reached skill level 1 in Shields
 19275 | Lair:5   | Reached XP level 15. HP: 108/115 MP: 15/15
 19374 | Lair:5   | Found a runed translucent door.
 19376 | Lair:5   | Found a viscous altar of Jiyva.
 19405 | Lair:5   | Found a staircase to the Slime Pits.
 19765 | D:12     | Noticed Jorgrun
 19776 | D:12     | Killed Jorgrun
 20057 | D:12     | Found a runed translucent gate.
 20057 | D:12     | Found a runed translucent gate.
 20060 | D:12     | Found a runed translucent gate.
 20066 | D:12     | Noticed Sabo's ghost (journeyman DsBe)
 20070 | D:12     | Identified the +9 plate armour of the Nexus {-Tele Harm
                  | rPois}
 20075 | D:12     | Reached skill level 5 in Dodging
 20393 | D:12     | Reached skill level 5 in Armour
 20393 | D:12     | Reached skill level 5 in Shields
 20417 | D:12     | Found the +3 warlock's mirror {reflect}
 20436 | Abyss:2  | Cast into level 2 of the Abyss (a wizard)
 20479 | Abyss:2  | Noticed a bone dragon
 20625 | Abyss:2  | Found a runed translucent gate.
 20625 | Abyss:2  | Found a runed translucent gate.
 20625 | Abyss:2  | Found a runed translucent gate.
 20630 | D:12     | Escaped the Abyss
 20962 | D:12     | Killed Sabo's ghost
 21165 | Orc:1    | Entered Level 1 of the Orcish Mines
 21556 | Orc:2    | Entered Level 2 of the Orcish Mines
 21758 | Orc:2    | Found Acurchae's Magic Scroll Shop.
 21779 | Orc:2    | Bought 3 scrolls of summoning for 313 gold pieces
 21779 | Orc:2    | Bought a scroll of vulnerability for 44 gold pieces
 21779 | Orc:2    | Bought a scroll of blinking for 82 gold pieces
 21875 | Orc:2    | Found a staircase to the Elven Halls.
 22084 | Orc:2    | Found Abroh's Magic Scroll Shop.
 22095 | Orc:2    | Bought a scroll of blinking for 112 gold pieces
 22095 | Orc:2    | Bought a scroll of immolation for 60 gold pieces
 22108 | Orc:2    | Found an ancient bone altar of Kikubaaqudgha.
 22166 | Orc:2    | Found a radiant altar of Vehumet.
 22194 | Orc:2    | Found Fosich's Jewellery Boutique.
 22202 | Orc:2    | Found Getifo's Magic Scroll Shop.
 22216 | Orc:2    | Found Zaklaumul's Antique Weapon Boutique.
 22252 | Orc:2    | Bought a scroll of blinking for 120 gold pieces
 22252 | Orc:2    | Bought a scroll of magic mapping for 120 gold pieces
 22590 | Orc:2    | Bought a ring of willpower for 350 gold pieces
 22769 | D:13     | Noticed Lodul
 22775 | D:13     | Killed Lodul
 23464 | D:13     | Found a bloodstained altar of Trog.
 24056 | D:13     | Noticed Frances
 24065 | D:13     | Killed Frances
 26066 | D:14     | Reached XP level 16. HP: 111/122 MP: 16/16
 26316 | D:15     | Entered Level 15 of the Dungeon
 26969 | D:14     | Found a gate to the Vaults.
 27713 | D:14     | Found a stormy altar of Qazlal.
 27713 | D:14     | Identified the +0 leather armour of Cus Ell {-Cast rF-
                  | rCorr Slay+5}
 28270 | D:15     | Got the Guide on Floating Allies
 28558 | D:15     | Found a staircase to the Depths.
 29442 | Snake:1  | Entered Level 1 of the Snake Pit
 29753 | Snake:1  | Found a stormy altar of Qazlal.
 31920 | Snake:2  | You fall into a shaft and drop 1 floor!
 31941 | Snake:3  | Found Bifaxon's Book Emporium.
 32622 | Snake:2  | Found Dang's Book Boutique.
 32624 | Snake:2  | Found Naacsail's Jewellery Emporium.
 32626 | Snake:2  | Found Yxerghee's Book Boutique.
 32632 | Snake:2  | Bought a manual of Shields for 880 gold pieces
 33010 | Snake:2  | Reached XP level 17. HP: 94/128 MP: 17/17
 35367 | Shoals:1 | Entered Level 1 of the Shoals
 36583 | Shoals:1 | Noticed a kraken
 36650 | Shoals:1 | Killed a kraken
 36651 | Shoals:1 | Reached skill level 1 in Throwing
 37381 | Shoals:2 | Identified 2 scrolls of acquirement
 37846 | Shoals:2 | Identified the +3 leather armour of Woycic {rElec Dex+4}
 38566 | Shoals:2 | Reached skill level 10 in Shields
 39785 | Shoals:4 | Entered Level 4 of the Shoals
 39796 | Shoals:4 | Acquired 1145 gold pieces
 40152 | Shoals:4 | Found Wemiupha's Self-Improvement Boutique.
 40169 | Shoals:4 | Noticed Ilsuiw
 40170 | Shoals:4 | Noticed Aizul
 40183 | Shoals:4 | Killed Ilsuiw
 40187 | Shoals:4 | Identified the +11 trident "Hellblazer" {vorpal, rC++}
 40207 | Shoals:4 | Found Iwem Dat's Jewellery Shop.
 40232 | Shoals:4 | Bought the ring of Winter {+Blink rElec rC- Str+7 SInv} for
                  | 699 gold pieces
 40361 | Shoals:4 | Noticed a kraken
 40388 | Shoals:4 | Killed Aizul
 40852 | Shoals:4 | Killed a kraken
 41198 | Shoals:4 | Got a barnacled rune of Zot
 41295 | Shoals:4 | Reached XP level 18. HP: 36/134 MP: 18/18
 42513 | Snake:4  | Entered Level 4 of the Snake Pit
 43390 | Snake:4  | Reached skill level 10 in Dodging
 43408 | Snake:4  | Reached skill level 10 in Armour
 43413 | Snake:4  | Reached skill level 10 in Evocations
 43748 | Snake:4  | Reached skill level 5 in Throwing
 44269 | Snake:4  | Slain by a nagaraja

Illustrated notes

Levels and vault maps discovered:
D:1:      onia_arrival_mini_maze_b, layout_basic, minmay_misc_feat_room
D:2:      layout_loops_cross, basic_altar, uniq_natasha, uniq_terence
D:3:      layout_loops_ring, mainiacjoe_overflow_paths,
          chequers_temple_overflow_statue_of_worship, serial_shops,
          nicolae_shop_stone, shop, nicolae_lakefront_shop, shop,
          gup_sewer_entry_pipe, gammafunk_ghost_split, minmay_misc_feat_pillars,
          uniq_robin
D:4:      layout_basic, temple_hall
D:5:      layout_rooms, amethyst_overflow_temple_binary
D:6:      layout_loops_corners
D:7:      layout_rooms, evilmike_ruin_ashenzari, enter_ossuary_3,
          gammafunk_ghost_grave
D:8:      layout_loops_cross, nicolae_wu_jian_wuxing_cycle, ldierk_geyser,
          st_stairs_12, minivault_5, serial_nicolae_subway,
          nicolae_sub_station_crystal, nicolae_sub_station_stone,
          nicolae_sub_station_metal, uniq_maurice
D:9:      minmay_blocky_corners, layout_basic, mainiacjoe_overflow_chevrons,
          minmay_hollow_rounded_squares, uniq_maggie
D:10:     layout_roguey [special_room_kobold], zin_treasury,
          lemuel_mausoleum_altar_yredelemnul, due_lair_maze_entry_diamond,
          serial_demonic, serial_demonic_c, serial_demonic_c, serial_demonic_b,
          serial_demonic_e, serial_shops, shop, chequers_serial_rivers_small_3,
          uniq_psyche, uniq_erica, uniq_fannar
D:11:     minmay_the_grid_four_pointed_star
          [minmay_the_grid_triangle_9x9_sparse_checkered,
          minmay_the_grid_triangle_9x9_semitri,
          minmay_the_grid_triangle_9x9_dagger,
          minmay_the_grid_triangle_9x9_subtriangle,
          minmay_the_grid_prize_inner_circle], layout_loops_ring,
          minmay_orc_entry_temple_small, uniq_josephine, uniq_urug
D:12:     minmay_smoke_and_mirrors, layout_gridville,
          biasface_ghost_orc_armoury, uniq_jorgrun
D:13:     layout_stronghold, trog_three_pillars_becter, uniq_frances, uniq_lodul
D:14:     layout_roguey [special_room_orc], grunt_vaults_entry_fortified,
          nicolae_qazlal_eye_of_the_storm
D:15:     hangedman_depths_entry_civil_slaughter, layout_rooms,
          nicolae_eternal_life
Temple:   nicolae_temple_bog_church
Lair:1:   layout_chaotic_city
Lair:2:   layout_small_grid, minmay_shoals_entry_centaurs, serial_rivers,
          chequers_serial_rivers_large_b, chequers_serial_rivers_room_b,
          chequers_serial_rivers_small_a, chequers_serial_rivers_micro_e,
          chequers_serial_rivers_micro_c, chequers_serial_rivers_room_a
Lair:3:   layout_regular_city, minmay_snake_entry_guardpost_medium,
          enter_volcano_2, guppyfry_lair_drakes, grunt_megastairs_2,
          serial_bayou_shore_a, infiniplex_staircase_pool_2, uniq_amaemon
Lair:4:   layout_regular_city, st_stairs_4, bh_autumn_forest_stairs
Lair:5:   hangedman_lair_tendril_chambers, layout_gridlike, slime_entry_2,
          special_room [special_room_bee], uniq_nessos, uniq_kirke
Shoals:1: layout_shoals
Shoals:2: layout_shoals, hangedman_shoal_volcano
Shoals:3: layout_shoals
Shoals:4: shoals_end_hangedman, layout_shoals, shoals_ilsuiw_ice, serial_shops,
          nicolae_shop_temple_entry_statues_fountains, nicolae_shop_self_help,
          uniq_aizul
Snake:1:  layout_layer_cave, basic_altar, st_stairs_5,
          nicolae_snake_serpentine_hallways, drop_trap, nicolae_snake_boneroom
Snake:2:  layout_concentric_octagons, minmay_shop_grove, nicolae_triple_integral
Snake:3:  layout_onion, serial_shops, nicolae_diamond_shop
Snake:4:  grunt_snake_rune_spirals, layout_onion,
          portal_ice_cave_entry_ice_statue_two
Orc:1:    layout_caves
Orc:2:    kennysheep_orc_mage_school, layout_caves, serial_shops, shop,
          nicolae_orc_flooded_monolith

Skill      XL: |  1  2  3  4  5  6  7  8  9 10 11 12 13 14 15 16 17 18 |
---------------+-------------------------------------------------------+-----
Fighting       | 4 5 6 8 10 | 10.0
Polearms       | 3 6 9 10 | 10.5
Evocations     | 5 6 8 9 10 | 10.0
Axes           | 3 9 12 15 16 | 16.8
Armour         | 3 6 8 9 10 | 10.0
Shields        | 3 6 8 10 12 | 12.2
Dodging        | 4 6 8 9 10 | 10.0
Throwing       | 3 5 |  5.6
Stealth        | |  1.5

Action                   |  1- 3 |  4- 6 |  7- 9 | 10-12 | 13-15 | 16-18 || total
-------------------------+-------+-------+-------+-------+-------+-------++-------
Melee: Spear             |   119 |    64 |       |       |       |       ||   183
       Trident           |       |   210 |   472 |   192 |       |    79 ||   953
       Broad axe         |       |       |       |   439 |  1047 |  1226 ||  2712
Throw: Javelin           |       |     2 |     2 |       |       |       ||     4
       Boomerang         |       |       |     8 |       |       |    66 ||    74
       Dart              |       |       |       |    25 |    20 |    81 ||   126
Invok: Potion Petition   |       |       |       |     2 |     4 |    15 ||    21
       Bribe Branch      |       |       |       |       |       |     1 ||     1
Evoke: Wand              |       |     3 |    15 |     8 |     5 |    39 ||    70
       Phantom mirror    |       |       |       |     3 |     4 |     4 ||    11
       Piece from Xom's  |       |       |       |     4 |     5 |     3 ||    12
       Box of beasts     |       |       |       |       |       |     1 ||     1
  Use: Scroll            |       |     8 |    13 |     6 |    18 |    14 ||    59
 Stab: Sleeping          |     5 |       |       |       |       |       ||     5
       Distracted        |       |     3 |     3 |    10 |    12 |    17 ||    45
       Petrified         |       |       |       |       |     2 |       ||     2
       Confused          |       |       |       |       |     1 |       ||     1
       Invisible         |       |       |       |       |       |     8 ||     8
Armor: Ring mail         |    15 |       |       |       |       |       ||    15
       Scale mail        |     9 |    41 |       |       |       |       ||    50
       Chain mail        |       |    68 |   424 |   297 |   504 |   414 ||  1707
Dodge: Dodged            |    31 |    70 |   217 |   154 |   210 |   263 ||   945
Block: Kite shield       |    27 |    93 |   327 |   237 |   117 |       ||   801
       Tower shield      |       |       |       |       |   611 |  1465 ||  2076
       Reflection        |       |       |       |       |     7 |   181 ||   188
